[ AOE2 MATCH · #475855009 ]
Team EWWei vs Cumans
[ REPLAY ANALYSIS · EXTRACTED FROM THE RECORDED GAME ]
Feudal
—
Castle
—
Imperial
—
| APM avg | 18.7 |
| APM peak | 37 |
| eAPM avg | 11.6 |
| Villagers / military | 9 / 5 |
Focus
⚔️ 18.4% · 🌾 81.6%
Spearman ×3 · Archer ×2
Feudal
—
Castle
—
Imperial
—
| APM avg | 35.3 |
| APM peak | 57 |
| eAPM avg | 17.4 |
| Villagers / military | 14 / 16 |
Focus
⚔️ 27.8% · 🌾 72.2%
Militia ×11 · Archer ×3 · Spearman ×2
Feudal
—
Castle
—
Imperial
—
| APM avg | 26.5 |
| APM peak | 37 |
| eAPM avg | 19.8 |
| Villagers / military | 12 / 16 |
Focus
⚔️ 29.8% · 🌾 70.2%
Militia ×14 · Skirmisher ×2
Feudal
—
Castle
—
Imperial
—
| APM avg | 19.6 |
| APM peak | 25 |
| eAPM avg | 12.5 |
| Villagers / military | 20 / 2 |
Focus
⚔️ 26.4% · 🌾 73.6%
Battering Ram ×2
Feudal
—
Castle
—
Imperial
—
| APM avg | 36.9 |
| APM peak | 68 |
| eAPM avg | 24.8 |
| Villagers / military | 12 / 23 |
Focus
⚔️ 46.0% · 🌾 54.0%
Scout Cavalry ×23
Feudal
—
Castle
—
Imperial
—
| APM avg | 46.0 |
| APM peak | 76 |
| eAPM avg | 19.4 |
| Villagers / military | 16 / 8 |
Focus
⚔️ 30.4% · 🌾 69.6%
Spearman ×4 · Scout Cavalry ×4
Match map
Initial resources + every placement click. Lines = walls · curves = elevation contours. ◆ gold · ⬟ stone · ● berries · ✦ relic · ◌ wall gap
Your base
DuaLipaFanboy59's base
Mjukkinderna's base
Resid3nt Evil 3's base
LaGordaKoreana's base
PeneTratoR_'s base
Smoothed initial terrain · ◌ = detected wall gap · hover for details
Inputs per minute
— VPs - - DuaLipaFanboy59
Build order — VPs
28 actions detected in the replay
| 0:03 | Create | Villager (Male) |
| 0:04 | Create | Villager (Male) |
| 0:05 | Research | Double-Bit Axe |
| 0:42 | Build | House |
| 0:48 | Build | Archery Range |
| 1:00 | Create | Villager (Male) |
| 1:11 | Research | Horse Collar |
| 1:26 | Create | Villager (Male) |
| 1:27 | Create | Villager (Male) |
| 1:46 | Research | Gold Mining |
| 1:50 | Create | Spearman |
| 2:12 | Create | Archer |
| 2:25 | Create | Archer |
| 2:54 | Create | Spearman |
| 2:54 | Create | Spearman |
| 3:05 | Create | Villager (Male) |
| 3:07 | Research | Wheelbarrow |
| 3:09 | Build | House |
| 3:23 | Build | Market |
| 3:51 | Create | Villager (Male) |
| 4:10 | Create | Villager (Male) |
| 4:19 | Build | House |
| 4:23 | Build | House |
| 4:36 | Build | House |
| 4:46 | Build | House |
| 4:49 | Build | House |
| 5:04 | Build | Lumber Camp |
| 5:44 | Create | Villager (Male) |
Build order — DuaLipaFanboy59
43 actions detected in the replay
| 0:02 | Create | Villager (Male) |
| 0:02 | Create | Villager (Male) |
| 0:02 | Create | Villager (Male) |
| 0:11 | Create | Villager (Male) |
| 0:28 | Create | Militia |
| 0:33 | Build | House |
| 0:38 | Build | Archery Range |
| 0:41 | Create | Villager (Male) |
| 0:54 | Create | Militia |
| 1:09 | Build | Farm |
| 1:18 | Create | Villager (Male) |
| 1:29 | Create | Militia |
| 1:38 | Build | Barracks |
| 1:41 | Create | Archer |
| 1:42 | Create | Archer |
| 1:49 | Build | House |
| 1:52 | Create | Villager (Male) |
| 1:53 | Create | Militia |
| 2:16 | Create | Villager (Male) |
| 2:32 | Build | House |
| 2:39 | Create | Militia |
| 2:41 | Research | Man-at-Arms (upgrade) |
| 2:42 | Create | Archer |
| 2:44 | Create | Militia |
| 3:06 | Create | Villager (Male) |
| 3:06 | Create | Villager (Male) |
| 3:15 | Create | Spearman |
| 3:16 | Create | Spearman |
| 3:28 | Build | Farm |
| 3:30 | Build | Farm |
| 3:59 | Build | Market |
| 4:21 | Create | Militia |
| 4:47 | Create | Villager (Male) |
| 4:48 | Create | Villager (Male) |
| 5:09 | Build | Farm |
| 5:10 | Build | Farm |
| 5:11 | Build | Farm |
| 5:24 | Create | Militia |
| 5:25 | Create | Militia |
| 5:41 | Create | Villager (Male) |
| 5:41 | Create | Villager (Male) |
| 6:03 | Create | Militia |
| 6:04 | Create | Militia |
Build order — Mjukkinderna
48 actions detected in the replay
| 0:02 | Create | Villager (Male) |
| 0:03 | Create | Villager (Male) |
| 0:19 | Research | Man-at-Arms (upgrade) |
| 0:23 | Build | Barracks |
| 0:26 | Build | House |
| 0:52 | Create | Villager (Male) |
| 0:54 | Create | Militia ×2 |
| 1:01 | Build | House |
| 1:03 | Build | House |
| 1:15 | Create | Militia |
| 1:28 | Create | Villager (Male) |
| 1:42 | Create | Militia |
| 1:49 | Build | Farm |
| 1:49 | Build | Farm |
| 1:50 | Build | Farm |
| 1:50 | Build | Farm |
| 1:50 | Build | Farm |
| 1:57 | Create | Villager (Male) |
| 2:00 | Create | Militia |
| 2:36 | Research | Scale Mail Armor |
| 2:50 | Create | Villager (Male) |
| 2:50 | Create | Villager (Male) |
| 2:58 | Build | House |
| 2:58 | Build | House |
| 2:59 | Build | House |
| 2:59 | Build | House |
| 3:12 | Create | Militia ×2 |
| 3:33 | Research | Arson |
| 3:47 | Build | Archery Range |
| 3:51 | Create | Militia ×2 |
| 4:03 | Create | Villager (Male) |
| 4:07 | Build | Farm |
| 4:07 | Build | Farm |
| 4:07 | Build | Farm |
| 4:07 | Build | Farm |
| 4:08 | Build | Farm |
| 4:08 | Build | Farm |
| 4:23 | Create | Villager (Male) |
| 4:51 | Build | House |
| 4:53 | Create | Villager (Male) |
| 4:58 | Create | Militia ×5 |
| 5:09 | Create | Skirmisher |
| 5:12 | Build | House |
| 5:31 | Build | House |
| 5:57 | Create | Villager (Male) |
| 5:57 | Create | Villager (Male) |
| 5:59 | Create | Skirmisher |
| 6:12 | Build | House |
Build order — Resid3nt Evil 3
34 actions detected in the replay
| 0:09 | Create | Villager (Male) |
| 0:09 | Create | Villager (Male) |
| 0:10 | Create | Villager (Male) |
| 0:10 | Create | Villager (Male) |
| 1:03 | Create | Villager (Male) |
| 1:04 | Create | Villager (Male) |
| 1:04 | Create | Villager (Male) |
| 1:36 | Create | Villager (Male) |
| 1:36 | Create | Villager (Male) |
| 1:44 | Build | House |
| 1:46 | Build | House |
| 1:47 | Build | House |
| 1:56 | Create | Villager (Male) |
| 1:56 | Create | Villager (Male) |
| 1:56 | Create | Villager (Male) |
| 1:56 | Create | Villager (Male) |
| 3:08 | Create | Villager (Male) |
| 3:08 | Create | Villager (Male) |
| 3:09 | Create | Villager (Male) |
| 3:09 | Create | Villager (Male) |
| 3:09 | Create | Villager (Male) |
| 3:10 | Create | Villager (Male) |
| 3:10 | Create | Villager (Male) |
| 3:13 | Build | House |
| 3:15 | Build | House |
| 3:30 | Build | Town Center |
| 4:35 | Research | Wheelbarrow |
| 4:49 | Build | Siege Workshop |
| 5:14 | Research | Town Watch |
| 5:23 | Build | House |
| 5:25 | Build | House |
| 5:27 | Build | House |
| 5:43 | Create | Battering Ram |
| 5:43 | Create | Battering Ram |
Build order — LaGordaKoreana
72 actions detected in the replay
| 0:01 | Create | Villager (Male) ×4 |
| 0:14 | Build | Stable |
| 0:35 | Build | Mill |
| 0:40 | Create | Villager (Male) |
| 0:53 | Create | Scout Cavalry |
| 0:54 | Create | Scout Cavalry |
| 1:10 | Research | Forging |
| 1:10 | Research | Forging |
| 1:12 | Create | Villager (Male) |
| 1:29 | Create | Scout Cavalry |
| 1:30 | Create | Scout Cavalry |
| 1:39 | Build | Stable |
| 1:59 | Create | Scout Cavalry |
| 2:07 | Build | House |
| 2:08 | Build | House |
| 2:08 | Build | House |
| 2:08 | Build | House |
| 2:12 | Create | Villager (Male) |
| 2:26 | Create | Scout Cavalry |
| 2:37 | Research | Scale Barding Armor |
| 2:38 | Create | Villager (Male) |
| 3:07 | Create | Scout Cavalry |
| 3:08 | Create | Scout Cavalry |
| 3:09 | Create | Villager (Male) |
| 3:16 | Build | Farm |
| 3:16 | Build | Farm |
| 3:16 | Build | Farm |
| 3:17 | Build | Farm |
| 3:17 | Build | Farm |
| 3:17 | Build | Farm |
| 3:18 | Build | Farm |
| 3:39 | Create | Scout Cavalry |
| 3:39 | Create | Scout Cavalry |
| 3:43 | Build | Farm |
| 3:44 | Build | Farm |
| 3:44 | Build | Farm |
| 3:44 | Build | Farm |
| 3:50 | Research | Bloodlines |
| 3:57 | Build | Farm |
| 3:57 | Build | Farm |
| 3:57 | Build | Farm |
| 3:57 | Build | Farm |
| 4:09 | Create | Scout Cavalry |
| 4:09 | Create | Scout Cavalry |
| 4:10 | Create | Villager (Male) |
| 4:36 | Create | Scout Cavalry |
| 4:36 | Create | Scout Cavalry |
| 4:37 | Create | Scout Cavalry |
| 4:37 | Create | Villager (Male) |
| 4:41 | Build | Farm |
| 4:41 | Build | Farm |
| 4:41 | Build | Farm |
| 4:41 | Build | Farm |
| 5:05 | Create | Scout Cavalry |
| 5:05 | Create | Scout Cavalry |
| 5:08 | Build | Farm |
| 5:08 | Build | Farm |
| 5:08 | Build | Farm |
| 5:26 | Create | Scout Cavalry |
| 5:26 | Create | Scout Cavalry |
| 5:38 | Create | Scout Cavalry |
| 5:38 | Create | Scout Cavalry |
| 5:43 | Build | Farm |
| 5:44 | Build | Farm |
| 5:44 | Build | Farm |
| 5:44 | Build | Farm |
| 5:58 | Create | Scout Cavalry |
| 5:58 | Create | Scout Cavalry |
| 6:03 | Build | House |
| 6:04 | Build | Farm |
| 6:05 | Build | Farm |
| 6:22 | Create | Villager (Male) |
Build order — PeneTratoR_
53 actions detected in the replay
| 0:02 | Create | Villager (Male) |
| 0:02 | Create | Villager (Male) |
| 0:03 | Create | Villager (Male) |
| 0:03 | Create | Villager (Male) |
| 0:26 | Build | House |
| 0:31 | Build | House |
| 0:34 | Build | House |
| 0:46 | Build | Stable |
| 0:54 | Build | Palisade Gate |
| 0:55 | Build | Palisade Wall |
| 0:57 | Build | Palisade Wall |
| 1:05 | Research | Double-Bit Axe |
| 1:05 | Research | Double-Bit Axe |
| 1:12 | Create | Villager (Male) |
| 1:28 | Build | Mining Camp |
| 1:29 | Create | Scout Cavalry |
| 1:29 | Create | Scout Cavalry |
| 1:44 | Build | Watch Tower |
| 1:56 | Create | Scout Cavalry |
| 1:56 | Create | Scout Cavalry |
| 2:05 | Create | Villager (Male) |
| 2:05 | Create | Villager (Male) |
| 2:18 | Create | Villager (Male) |
| 2:18 | Create | Villager (Male) |
| 3:08 | Create | Villager (Male) |
| 3:08 | Create | Villager (Male) |
| 3:08 | Create | Villager (Male) |
| 3:09 | Create | Villager (Male) |
| 3:09 | Create | Villager (Male) |
| 3:09 | Create | Villager (Male) |
| 4:01 | Build | Palisade Wall |
| 4:02 | Build | Palisade Wall |
| 4:04 | Build | Palisade Wall |
| 4:04 | Build | Palisade Wall |
| 4:21 | Build | Farm |
| 4:22 | Build | Farm |
| 4:22 | Build | Farm |
| 4:22 | Build | Farm |
| 4:22 | Build | Farm |
| 4:23 | Build | Farm |
| 4:23 | Build | Farm |
| 4:23 | Build | Farm |
| 4:24 | Build | Farm |
| 4:24 | Build | Farm |
| 4:24 | Build | Farm |
| 4:27 | Create | Villager (Male) |
| 4:48 | Build | Palisade Wall |
| 4:49 | Build | Palisade Wall |
| 4:50 | Build | Palisade Wall |
| 5:49 | Create | Spearman |
| 5:50 | Create | Spearman |
| 5:50 | Create | Spearman |
| 5:50 | Create | Spearman |
Match timeline
| 0:14 | LaGordaKoreana · first_building Stable |
| 0:23 | Mjukkinderna · first_building Barracks |
| 0:38 | DuaLipaFanboy59 · first_building Archery Range |
| 0:46 | PeneTratoR_ · first_building Stable |
| 0:48 | VPs · first_building Archery Range |
| 0:55 | PeneTratoR_ · wall_segment Palisade Wall x3 |
| 0:57 | PeneTratoR_ · wall_segment Palisade Wall x3 |
| 1:38 | DuaLipaFanboy59 · first_building Barracks |
| 3:47 | Mjukkinderna · first_building Archery Range |
| 4:01 | PeneTratoR_ · wall_segment Palisade Wall x4 |
| 4:02 | PeneTratoR_ · wall_segment Palisade Wall x4 |
| 4:04 | PeneTratoR_ · wall_segment Palisade Wall x3 |
| 4:04 | PeneTratoR_ · wall_segment Palisade Wall x4 |
| 4:48 | PeneTratoR_ · wall_segment Palisade Wall x5 |
| 4:49 | Resid3nt Evil 3 · first_building Siege Workshop |
| 4:49 | PeneTratoR_ · wall_segment Palisade Wall x4 |
| 4:50 | PeneTratoR_ · wall_segment Palisade Wall x2 |
| 5:20 | DuaLipaFanboy59 · first_market_sell 100 food |
| 6:02 | PeneTratoR_ · resign |
[ AI ANALYSIS · 1 CREDIT ]
What really happened in this match?
Wolo.gg analyzes every decision: build order, eco, micro, common mistakes by bracket. Personalized analysis on WhatsApp or Discord in 30 seconds.
Civ guide
Wei
Map guide
Enclosed
Perfil
Jugador #1282004